 Dungeon Crawl Stone Soup version 0.24.0-123-gd5b16e6ec5 (webtiles) character file.

Game seed: 7667557000947438678, levelgen mode: deterministic

196 Curus the Poker (level 5, -5/45 HPs)
             Began as a Minotaur Fighter on Jan 19, 2020.
             Slain by a slave (8 damage)
             ... led by Pikel
             ... on level 3 of the Dungeon.
             The game lasted 00:07:36 (1443 turns).

Curus the Poker (Minotaur Fighter)                  Turns: 1443, Time: 00:07:36

Health: -5/45      AC:  6    Str: 20    XL:     5   Next: 45%
Magic:  4/4        EV:  7    Int:  6    God:
Gold:   189        SH:  9    Dex: 10    Spells: 4/4 levels left

rFire    . . .     SeeInvis .   a - +0 trident
rCold    . . .     Gourm    .   c - +0 shield
rNeg     . . .     Faith    .   b - +0 scale mail
rPois    .         Spirit   .   (helmet restricted)
rElec    .         Reflect  .   (no cloak)
rCorr    .         Harm     .   (no gloves)
MR       .....                  (no boots)
Stlth    ..........             (no amulet)
HPRegen  0.15/turn              (no ring)
MPRegen  0.09/turn              (no ring)

@: no status effects
A: retaliatory headbutt, horns 2
a: no special abilities


You were on level 3 of the Dungeon.
You were not hungry.

You visited 1 branch of the dungeon, and saw 4 of its levels.

You collected 189 gold pieces.

Inventory:

Hand Weapons
 a - a +0 trident (weapon)
Armour
 b - a +0 scale mail (worn)
 c - a +0 shield (worn)
Scrolls
 d - a scroll of identify
 e - a scroll of teleportation
Comestibles
 f - 5 rations


   Skills:
 - Level 3.6 Fighting
 + Level 7.0 Polearms
 - Level 3.6 Armour
 - Level 3.6 Shields


You had 4 spell levels left.
You didn't know any spells.
Your spell library was empty.

Dungeon Overview and Level Annotations

Branches:
Dungeon (4/15)
 Temple: D:4-7

Altars:


Innate Abilities, Weirdness & Mutations

You reflexively headbutt those who attack you in melee.
You have a pair of horns on your head.


Message History

The slave barely misses you. You furiously retaliate!
You headbutt the slave. You hit the slave.
The slave is moderately wounded.
The slave hits you!
* * * LOW HITPOINT WARNING * * *
You hit the slave.
The slave is heavily wounded.
The slave hits you!
* * * LOW HITPOINT WARNING * * *
The slave hits you.
* * * LOW HITPOINT WARNING * * *
There is a stone staircase leading up here.
The slave hits you but does no damage.
You climb upwards.
The adder hisses angrily.
Found 12 stones and a scroll of teleportation.
There is a stone staircase leading down here.
You miss the adder. You block the adder's attack.
You closely miss the adder. The slave hits you!
You die...

#.# #.#
##.##
##...##
##.....##
#.......#
#.....(.#
#...@p..#
##.S...##
#....##
.......
##....###
#?#..#
#.##.. #.
##.


You could see a slave and an adder.

Vanquished Creatures
  2 slaves (D:4)
  A howler monkey (D:4)
  A hound (D:4)
  2 orc wizards (D:4)
  2 adders (D:4)
  4 dart slugs (D:1)
  3 orcs (D:4)
  A ball python (D:1)
  6 goblins
  6 hobgoblins (D:1)
  7 jackals (D:1)
  A kobold (D:1)
  3 bats (D:1)
  5 frilled lizards
  2 rats (D:1)
  A fungus (D:4)
47 creatures vanquished.

Vanquished Creatures (others)
  5 toadstools (D:4)
5 creatures vanquished.

Grand Total: 52 creatures vanquished

Notes
Turn   | Place    | Note
-------+----------+-------------------------------------------
     0 | D:1      | Curus the Minotaur Fighter began the quest for the Orb.
     0 | D:1      | Reached XP level 1. HP: 19/19 MP: 0/0
    43 | D:1      | Reached skill level 3 in Polearms
    96 | D:1      | Reached XP level 2. HP: 9/26 MP: 1/1
   376 | D:1      | Reached skill level 4 in Polearms
   727 | D:1      | Reached XP level 3. HP: 29/31 MP: 2/2
   963 | D:2      | You fall into a shaft and drop 2 floors!
   983 | D:4      | Reached skill level 5 in Polearms
   983 | D:4      | Reached XP level 4. HP: 8/39 MP: 3/3
  1325 | D:4      | Reached skill level 6 in Polearms
  1326 | D:4      | Reached XP level 5. HP: 43/45 MP: 4/4
  1342 | D:4      | Reached skill level 7 in Polearms
  1385 | D:4      | Noticed a slave
  1388 | D:4      | Noticed a slave
  1388 | D:4      | Noticed a slave
  1390 | D:4      | Noticed a slave
  1414 | D:4      | Killed a slave
  1425 | D:4      | Killed a slave
  1443 | D:3      | Slain by a slave

Levels and vault maps discovered:
D:1:      lightli_arrival_noodles, layout_rooms
D:2:      layout_basic, amethyst_overflow_temple_binary,
          grunt_temple_overflow_gold_and_silver, tso_metal_star,
          marbit_many_paths, first_ration, okawaru_metal_pillars_1_2
D:3:      layout_loops_corners, minitemple
D:4:      layout_loops_cross, minmay_temple_entry_junction,
          minmay_gold_behind_fungi, uniq_robin, uniq_pikel

Skill      XL: |  1  2  3  4  5 |
---------------+----------------+-----
Polearms       | 3 4 5 6 7 |  7.0
Fighting       | |  3.6
Armour         | |  3.6
Shields        | |  3.6

Action                   |  1- 3 |  4- 6 || total
-------------------------+-------+-------++-------
Melee: Trident           |   104 |    63 ||   167
       Headbutt          |    14 |     5 ||    19
  Use: Scroll            |     2 |     1 ||     3
       Potion            |     4 |       ||     4
  Eat: Chunk             |       |     2 ||     2
Armor: Scale mail        |    52 |    19 ||    71
Dodge: Dodged            |    18 |    22 ||    40
Block: Shield            |    39 |    28 ||    67
